 Dungeon Crawl Stone Soup version 0.30-a0-371-gad7725a93e (console) character file.

Game seed: 9151037044929610616

106936 CannotBeFrozen the Carver (level 15, -7/107 (129) HPs)
             Began as a Demigod Warper on Oct 1, 2022.
             Killed from afar by a jorogumo (22 damage)
             ... with a bolt of negative energy
             ... on level 2 of the Spider Nest on Nov 20, 2022.
             The game lasted 02:55:13 (45953 turns).

CannotBeFrozen the Carver (Demigod Warper)         Turns: 45953, Time: 02:55:13

HP:   -7/107 (129)  AC: 29    Str: 12      XL:     15   Next: 50%
MP:   26/33         EV: 17    Int: 22 (23) God:
Gold: 2130          SH:  5    Dex: 25      Spells: 5/34 levels left

rFire   . . .      SeeInvis .    a - +0 scimitar (vorpal)
rCold   . . .      Faith    .    N - orb {light}
rNeg    . . .      Spirit   .    q - +0 swamp dragon scales
rPois   +          Reflect  +    A - +1 helmet
rElec   .          Harm     .    I - +2 cloak
rCorr   .          Rampage  .    v - +2 pair of gloves
Will    ++...                    t - +1 pair of boots
Stlth   +.........               n - amulet of reflection
HPRegen 0.37/turn                z - +4 ring of protection
MPRegen 0.23/turn                F - ring of willpower

@: lethally poisoned (-7 -> -10), ice-armoured, glowing, heavily drained
A: high MP 1, forlorn, divine attributes
a: no special abilities


You were on level 2 of the Spider Nest.
You visited 5 branches of the dungeon, and saw 26 of its levels.

You collected 2677 gold pieces.
You spent 547 gold pieces at shops.

Inventory:

Hand Weapons
 a - a +0 vorpal scimitar (weapon)
 b - a +0 dagger of venom
 h - a +0 long sword of holy wrath
 w - a +0 dagger of electrocution
Missiles
 d - 11 boomerangs of dispersal {=f=F}
 l - 21 javelins
 o - a throwing net {=f=F}
 x - 2 silver boomerangs
 J - 15 boomerangs
 M - 25 poisoned darts
 U - 4 curare-tipped darts {=f=F}
Armour
 q - +0 swamp dragon scales (worn)
 t - a +1 pair of boots (worn)
 v - a +2 pair of gloves (worn)
 A - a +1 helmet (worn)
 I - a +2 cloak (worn)
 N - an orb of light (worn)
 W - a +0 scale mail of fire resistance
Jewellery
 n - an amulet of reflection (around neck)
 z - a +4 ring of protection (left hand)
 F - a ring of willpower (right hand)
 Q - a ring of protection from cold
Wands
 k - a wand of quicksilver (32)
 D - a wand of flame (41)
 E - a wand of iceblast (16)
 R - a wand of digging (6)
 S - a wand of polymorph (6)
Scrolls
 c - 4 scrolls of blinking
 e - 5 scrolls of immolation
 f - 3 scrolls of magic mapping
 j - 6 scrolls of teleportation {@r2}
 p - a scroll of torment
 u - 4 scrolls of enchant weapon
 y - 2 scrolls of amnesia
 B - a scroll of brand weapon
 C - 4 scrolls of enchant armour
 O - a scroll of fear
 T - 4 scrolls of butterflies
 X - a scroll of identify {@r1}
Potions
 g - 2 potions of flight
 i - 3 potions of invisibility
 m - a potion of heal wounds {@q2}
 r - 3 potions of lignification
 s - 2 potions of magic
 G - 4 potions of brilliance
 H - 3 potions of mutation
 K - 2 potions of haste
 L - 4 potions of curing {@q1}
 P - a potion of might
 V - 2 potions of attraction


   Skills:
 + Level 11.0 Fighting
 - Level 1.0(9.2) Short Blades
 - Level 14.1(14.2) Long Blades
 - Level 2.0 Throwing
 + Level 9.0 Armour
 + Level 9.0 Dodging
 - Level 2.0 Stealth
 - Level 10.0 Spellcasting
 - Level 10.0 Translocations
 - Level 6.0 Ice Magic
 - Level 5.0 Air Magic


You had 5 spell levels left.
You knew the following spells:

 Your Spells              Type           Power      Damage    Failure   Level
b - Lesser Beckoning      Tloc           100%       N/A       1%          3
d - Dispersal             Tloc           26%        N/A       28%         6
g - Gell's Gravitas       Tloc           53%        N/A       1%          3
m - Manifold Assault      Tloc           53%        N/A       1%          4
o - Ozocubu's Armour      Ice            37%        N/A       3%          3
s - Momentum Strike       Conj/Tloc      66%        3d9       2%          2
t - Teleport Other        Tloc           53%        N/A       1%          3
v - Vhi's Electric Charg  Tloc/Air       88%        N/A       1%          3
z - Blink                 Tloc           100%       N/A       1%          2

Your spell library contained the following spells:

 Spells                   Type           Power      Damage    Failure   Level
 Shock                    Conj/Air       88%        1d8       4%          1
 Portal Projectile        Hex/Tloc       66%        N/A       4%          3
 Swiftness                Air            33%        N/A       4%          3
 Poisonous Vapours        Pois/Air       44%        N/A       6%          2
 Cigotuvi's Dreadful Rot  Necr/Pois/Air  36%        N/A       9%          2
 Magic Dart               Conj           44%        1d5       12%         1
 Slow                     Hex            44%        N/A       12%         1
 Airstrike                Air            16%        2d(3-19)  14%         4
 Call Imp                 Summ           11%        N/A       17%         2
 Mephitic Cloud           Conj/Pois/Air  18%        N/A       19%         3
 Call Canine Familiar     Summ           11%        N/A       34%         3
 Confusing Touch          Hex            11%        N/A       34%         3
 Inner Flame              Hex/Fire       11%        N/A       34%         3
 Vampiric Draining        Necr           11%        2d6       34%         3
 Summon Lightning Spire   Summ/Air       22%        N/A       38%         4
 Metabolic Englaciation   Hex/Ice        12%        N/A       67%         5
 Anguish                  Hex/Necr       5%         N/A       75%         4
 Cause Fear               Hex            5%         N/A       75%         4
 Leda's Liquefaction      Hex/Erth       5%         N/A       75%         4
 Olgreb's Toxic Radiance  Pois           11%        N/A       75%         4
 Arcjolt                  Conj/Air       11%        1d21      75%         5
 Lightning Bolt           Conj/Air       11%        1d24      75%         5
 Simulacrum               Ice/Necr       12%        N/A       99%         6
 Enfeeble                 Hex            5%         N/A       100%        7
 Malign Gateway           Summ/Tloc      16%        N/A       100%        7
 Ozocubu's Refrigeration  Ice            18%        4d11      100%        7
 Storm Form               Tmut/Air       11%        N/A       100%        7
 Discord                  Hex            5%         N/A       100%        8
 Ignition                 Fire           5%         3d4       100%        8
 Maxwell's Capacitive Co  Air            16%        ∞         100%        8
 Summon Horrible Things   Summ           5%         N/A       100%        8


Dungeon Overview and Level Annotations

Branches:
Dungeon (15/15)            Temple (0/1) D:5            Lair (5/5) D:11
 Shoals (2/4) Lair:2       Spider (2/4) Lair:2        Slime (0/5) Lair:5
    Orc (2/2) D:11            Elf (0/3) Orc:2        Vaults (0/5) D:14
 Depths (0/4) D:15

Shops:
D:1 ?   D:7 *   D:12 ?   Orc:2 [(?[*

Portals:
Hell: Lair:5

Annotations:
D:11 3 runed translucent doors, Smoky173's ghost, journeyman DsMo
Lair:2 3 runed translucent doors, EdirashGloemor's ghost, journeyman BaCA
Shoals:2 Polyphemus


Innate Abilities, Weirdness & Mutations

You have an increased reservoir of magic. (+10% MP)
You shall have no god before yourself.
Your divine heritage dramatically boosts your attributes as you level up.


Message History

The jumping spider misses you. The jorogumo hits you!
* * * LOW HITPOINT WARNING * * *
You feel yourself slow down.
HP: 57/117 (-16) =====------- !
You are too injured to fight recklessly!
You are too injured to fight recklessly!
You closely miss the jorogumo.
The jorogumo is severely wounded.
You feel sick. The culicivora barely misses you.
You block the jumping spider's attack.
The jumping spider completely misses you.
The jorogumo closely misses you.
The culicivora bites you but does no damage.
HP: 56/117 (-1) =====------- You slash the jorogumo!
The jorogumo is severely wounded.
You feel sick.
The jumping spider completely misses you.
The jumping spider closely misses you.
The culicivora bites you but does no damage.
The jorogumo closely misses you. You block the jumping spider's attack.
The jumping spider closely misses you.
HP: 54/117 (-2) =====------- You barely miss the jorogumo.
The jorogumo is severely wounded.
You feel yourself speed up.
You feel sick.
The culicivora bites you but does no damage.
The jumping spider barely misses you. The jumping spider closely misses you.
The jorogumo stares at you and mumbles some strange words.
The bolt of negative energy hits you!!
You feel drained.
* * * LOW HITPOINT WARNING * * *
The culicivora bites you.
* * * LOW HITPOINT WARNING * * *
The culicivora draws strength from your injuries!
The jumping spider pounces on you!
* * * LOW HITPOINT WARNING * * *
The jumping spider barely misses you.
The jorogumo stares at you and mumbles some strange words.
The bolt of negative energy hits you!!
You feel drained.
You die...

#....# ....?..
#...##s......
#....#.....# ..
#.........###.##
##.............#
#...###.......#
##.### ......#
#...## ##.......
#....###........
##.Hs...........
#..@...##.....#
#.s.....#.#...#
####......# ###
#####.....
.#.#.. ###..#
..# .#


You could see a jorogumo, a culicivora and a jumping spider.

Vanquished Creatures
  Frances (Shoals:1)
  A ghost moth (Spider:2)
  A dire elephant (D:15)
  2 entropy weavers (Spider:1)
  A fire dragon (D:14)
  Josephine (Lair:5)
  6 hydras
  4 centaur warriors
  2 jorogumos (Spider:1)
  A catoblepas (Lair:3)
  5 two-headed ogres
  3 boulder beetles
  A tengu warrior (D:14)
  An orc high priest (Orc:1)
  11 death yaks
  A sun demon (Lair:5)
  A pharaoh ant (Spider:1)
  A sea snake (Shoals:1)
  An iron troll (D:14)
  2 steelbarb worms (Spider:1)
  A wizard (Lair:5)
  2 swamp dragons
  An orb spider (Spider:2)
  5 orc knights
  A lindwurm (Lair:5)
  A faun (Shoals:1)
  7 wolf spiders (Spider:1)
  22 ugly things
  5 deep elf pyromancers
  2 oklob plants
  An orc sorcerer (Orc:2)
  4 manticores
  A salamander (D:15)
  5 cyclopes
  7 elephants
  4 merfolk sirens (Shoals:1)
  Maurice (D:8)
  3 water nymphs (Shoals:1)
  8 cane toads
  4 black mambas
  Maggie (D:7)
  A torpor snail (Lair:2)
  A gargoyle (D:10)
  A cane toad (shapeshifter) (D:14)
  2 kobold demonologists
  3 orange demons (Lair:5)
  4 rime drakes
  An unseen horror (D:13)
  A hellwing (Lair:5)
  A freezing wraith (D:14)
  10 komodo dragons
  2 red devils (Lair:5)
  An ice devil (Lair:5)
  2 hornets
  5 merfolk (Shoals:1)
  9 trolls
  Grinder (D:4)
  A tarantella (Spider:1)
  A hornet (shapeshifter) (D:14)
  2 polar bears (Lair:5)
  2 wind drakes
  13 blink frogs
  Prince Ribbit (D:8)
  13 dream sheep
  13 slime creatures
  A snapping turtle (Shoals:1)
  2 shadows (D:11)
  6 jumping spiders (Spider:1)
  8 wraiths
  A water elemental (Shoals:1)
  6 culicivoras
  50 yaks
  A vampire (D:13)
  4 wyverns
  A hog (shapeshifter) (D:13)
  Grum (D:8)
  9 redbacks (Spider:1)
  3 basilisks
  8 vampire mosquitoes
  A warg (Orc:1)
  3 hell hounds (Lair:5)
  3 acid dragons
  10 water moccasins
  36 orc warriors
  6 swamp drakes
  2 ice beasts
  2 sky beasts (D:6)
  A black bear (Lair:3)
  2 ogres
  10 wolves
  14 centaurs
  9 kobold brigands
  A gnoll sergeant (D:7)
  A bullfrog (shapeshifter) (D:13)
  6 bullfrogs
  5 scorpions
  11 wights
  11 killer bees
  9 howler monkeys
  4 electric eels
  A crimson imp (Orc:2)
  3 jellies
  11 orc priests
  3 hounds (D:5)
  An iron imp (Orc:2)
  4 iguanas
  20 orc wizards
  8 gnolls
  8 adders
  2 shadow imps
  2 white imps
  70 orcs
  9 ball pythons
  4 bats
  11 endoplasms
  5 giant cockroaches
  6 goblins
  9 hobgoblins
  7 jackals
  5 quokkas
  2 frilled lizards
  38 kobolds
  13 rats
714 creatures vanquished.

Vanquished Creatures (others)
  A kobold brigand (D:9)
  2 orc wizards
  35 fungi
  41 plants
79 creatures vanquished.

Grand Total: 793 creatures vanquished

Notes
Turn   | Place    | Note
-------+----------+-------------------------------------------
     0 | D:1      | CannotBeFrozen the Demigod Warper began the quest for the
                  | Orb.
     0 | D:1      | Reached XP level 1. HP: 17/17 MP: 5/5
    65 | D:1      | Reached skill level 2 in Long Blades
   330 | D:1      | Reached XP level 2. HP: 12/24 MP: 7/7
   480 | D:1      | Learned a level 2 spell: Blink
   842 | D:1      | Reached skill level 1 in Armour
   926 | D:1      | Found Sustralesk's Magic Scroll Emporium.
   934 | D:1      | Bought a scroll of identify for 20 gold pieces
   934 | D:1      | Bought a scroll of identify for 20 gold pieces
  1058 | D:1      | Reached skill level 1 in Stealth
  1247 | D:1      | Reached XP level 3. HP: 25/29 MP: 8/8
  1674 | D:2      | Reached skill level 1 in Throwing
  2219 | D:2      | HP: 1/29 [poisoned by an adder]
  3006 | D:3      | Noticed an eye of devastation
  3015 | D:3      | Noticed a floating eye
  3057 | D:3      | Reached XP level 4. HP: 31/36 MP: 9/9
  3157 | D:3      | Reached skill level 1 in Short Blades
  3339 | D:3      | Reached XP level 5. HP: 17/41 MP: 10/10
  3663 | D:3      | Noticed a golden eye
  3697 | D:3      | Noticed an eye of devastation
  3881 | D:4      | Upgraded the game from 0.30-a0-170-g85af917532 to
                  | 0.30-a0-305-g026cb31310
  3941 | D:4      | Reached skill level 3 in Long Blades
  4862 | D:4      | Reached XP level 6. HP: 49/51 MP: 11/11
  4989 | D:4      | Noticed Grinder
  5908 | D:5      | Entered Level 5 of the Dungeon
  5986 | D:5      | Reached skill level 4 in Long Blades
  6549 | D:5      | Reached XP level 7. HP: 59/59 MP: 13/13
  6585 | D:5      | Reached skill level 5 in Long Blades
  6721 | D:5      | Learned a level 3 spell: Ozocubu's Armour
  6829 | D:5      | Reached skill level 1 in Ice Magic
  7021 | D:5      | Found a staircase to the Ecumenical Temple.
  8015 | D:6      | Reached XP level 8. HP: 67/67 MP: 13/15
  8510 | D:7      | Reached skill level 5 in Fighting
  8771 | D:7      | Noticed Maggie
  8800 | D:7      | Killed Maggie
  8801 | D:7      | Reached skill level 6 in Long Blades
  9119 | D:7      | Noticed a hornet
  9235 | D:7      | Found Joumulo's Assorted Antiques.
  9380 | D:7      | Paralysed by a hornet for 3 turns
  9395 | D:7      | Killed a hornet
  9576 | D:7      | Bought a scroll of identify for 50 gold pieces
  9633 | D:7      | Reached XP level 9. HP: 67/77 MP: 16/16
  9836 | D:8      | Noticed Grum
  9876 | D:8      | Noticed Maurice
 10027 | D:8      | Noticed Prince Ribbit
 10056 | D:8      | Killed Prince Ribbit
 10057 | D:8      | Reached skill level 7 in Long Blades
 10359 | D:8      | Killed Maurice
 10833 | D:8      | Killed Grum
 11012 | D:8      | Reached skill level 8 in Long Blades
 11156 | D:8      | Learned a level 3 spell: Lesser Beckoning
 11201 | D:9      | Noticed a manticore
 11215 | D:9      | Killed a manticore
 11812 | D:9      | Reached XP level 10. HP: 88/88 MP: 19/19
 12035 | D:9      | You fall into a shaft and drop 2 floors!
 12102 | D:10     | Entered Level 10 of the Dungeon
 13155 | D:10     | Learned a level 4 spell: Manifold Assault
 13378 | D:10     | Reached skill level 5 in Spellcasting
 13696 | D:10     | Reached skill level 5 in Translocations
 13696 | D:10     | Reached skill level 5 in Ice Magic
 13699 | D:10     | Reached skill level 9 in Long Blades
 14234 | D:4      | Killed Grinder
 14770 | D:11     | Reached XP level 11. HP: 87/97 MP: 19/22
 14802 | D:11     | Noticed a centaur warrior
 14818 | D:11     | Killed a centaur warrior
 14899 | D:11     | Found a runed translucent gate.
 14899 | D:11     | Found a runed translucent gate.
 14899 | D:11     | Found a runed translucent gate.
 14970 | D:11     | Reached skill level 10 in Long Blades
 15014 | D:11     | Reached skill level 10 in Fighting
 15064 | D:11     | Noticed Smoky173's ghost (journeyman DsMo)
 15065 | D:11     | Noticed a great orb of eyes
 15115 | D:11     | Found a staircase to the Lair.
 15240 | D:11     | Found a staircase to the Orcish Mines.
 15328 | Lair:1   | Entered Level 1 of the Lair of Beasts
 15716 | Lair:1   | Reached skill level 11 in Long Blades
 16405 | Lair:2   | Noticed a minotaur
 16407 | Lair:2   | Noticed EdirashGloemor's ghost (journeyman BaCA)
 16408 | Lair:2   | Found a staircase to the Shoals.
 16602 | Lair:2   | Reached skill level 12 in Long Blades
 17533 | Lair:2   | Found a runed translucent gate.
 17533 | Lair:2   | Found a runed translucent gate.
 17533 | Lair:2   | Found a runed translucent gate.
 17725 | Lair:2   | Reached XP level 12. HP: 68/106 MP: 17/23
 17833 | Lair:2   | Found a hole to the Spider Nest.
 18060 | Lair:2   | Noticed a six-headed hydra
 19812 | Lair:3   | Upgraded the game from 0.30-a0-305-g026cb31310 to
                  | 0.30-a0-311-gf115ab0292
 19842 | Lair:3   | Upgraded the game from 0.30-a0-311-gf115ab0292 to
                  | 0.30-a0-313-gae38170b09
 19899 | Lair:2   | Upgraded the game from 0.30-a0-313-gae38170b09 to
                  | 0.30-a0-341-g682706514a
 20421 | Lair:3   | Noticed a catoblepas
 20672 | Lair:3   | Killed a catoblepas
 21265 | Lair:4   | Noticed a four-headed hydra
 21269 | Lair:4   | Reached skill level 13 in Long Blades
 22306 | Lair:4   | Noticed a four-headed hydra
 22821 | Lair:5   | Entered Level 5 of the Lair of Beasts
 22846 | Lair:5   | Reached XP level 13. HP: 91/113 MP: 17/26
 22853 | Lair:5   | Reached skill level 10 in Translocations
 23635 | Lair:5   | Noticed Josephine
 23654 | Lair:5   | Killed Josephine
 23950 | Lair:5   | Identified the +2 plate armour "Kooclud" {rF++}
 23985 | Lair:5   | Noticed Nessos
 23987 | Lair:5   | Nessos changed into Nessos the swamp dragon
 23987 | Lair:5   | Noticed Nessos
 24001 | Lair:5   | Killed Nessos the swamp dragon
 26411 | Lair:5   | Found a staircase to the Slime Pits.
 26983 | Lair:5   | Reached skill level 10 in Spellcasting
 27725 | Lair:5   | Found a gateway to Hell.
 29060 | D:12     | Identified the +2 war axe of Vilum {vorpal, rElec}
 29327 | D:12     | Reached XP level 14. HP: 109/121 MP: 5/32
 29621 | D:12     | Found Kyssecod's Magic Scroll Emporium.
 31997 | D:14     | Reached skill level 5 in Armour
 31997 | D:14     | Reached skill level 5 in Dodging
 32535 | D:14     | Found a gate to the Vaults.
 34288 | D:15     | Entered Level 15 of the Dungeon
 35361 | D:15     | Found a staircase to the Depths.
 36240 | Orc:1    | Entered Level 1 of the Orcish Mines
 37222 | Orc:2    | Entered Level 2 of the Orcish Mines
 37782 | Orc:1    | Upgraded the game from 0.30-a0-341-g682706514a to
                  | 0.30-a0-347-gf58ed5266c
 37782 | Orc:1    | Upgraded the game from 0.30-a0-347-gf58ed5266c to
                  | 0.30-a0-358-g0d69a1922f
 38205 | Orc:1    | Reached skill level 14 in Long Blades
 39324 | Orc:2    | Found a staircase to the Elven Halls.
 39656 | Orc:2    | Found Kopsotef's Magic Scroll Shoppe.
 39656 | Orc:2    | Found Sadghatty's Weapon Shop.
 39658 | Orc:2    | Found Ronehea Vunk's Antique Armour Boutique.
 39660 | Orc:2    | Found Numityfe's Antique Armour Emporium.
 39672 | Orc:2    | Bought a faintly humming ring mail for 207 gold pieces
 39672 | Orc:2    | Identified the +1 ring mail of the Swamp {rN+} (You bought
                  | it in a shop on level 2 of the Orcish Mines)
 39947 | Orc:2    | Reached XP level 15. HP: 121/128 MP: 18/33
 40194 | Orc:2    | Found Utzyihum's General Store.
 40202 | Orc:2    | Bought a book of Spatial Translocations for 200 gold pieces
 40202 | Orc:2    | Bought a potion of heal wounds for 50 gold pieces
 40206 | Orc:2    | Learned a level 3 spell: Gell's Gravitas
 40210 | Orc:2    | Learned a level 3 spell: Teleport Other
 40213 | Orc:2    | Learned a level 2 spell: Momentum Strike
 40220 | Orc:2    | Learned a level 6 spell: Dispersal
 40529 | Orc:2    | Identified the +1 hat of Fievergh {Harm *Corrode rPois
                  | Int+5}
 40928 | D:11     | Upgraded the game from 0.30-a0-358-g0d69a1922f to
                  | 0.30-a0-371-gad7725a93e
 41030 | Shoals:1 | Entered Level 1 of the Shoals
 41109 | Shoals:1 | Learned a level 3 spell: Vhi's Electric Charge
 41517 | Shoals:1 | Reached skill level 1 in Air Magic
 42262 | Shoals:1 | Noticed Frances
 42279 | Shoals:1 | Killed Frances
 42845 | Shoals:2 | Noticed Polyphemus
 42886 | Shoals:2 | Identified a scroll of acquirement
 43461 | Spider:1 | Entered Level 1 of the Spider Nest
 43479 | Spider:1 | Reached skill level 5 in Air Magic
 45953 | Spider:2 | Killed from afar by a jorogumo

Illustrated notes

Levels and vault maps discovered:
D:1:      eino_arrival_cavern_e, layout_basic, serial_shops, nicolae_shop_stone,
          minmay_rat_gold_closets
D:2:      layout_loops_ring, minivault_4, chequers_serial_rivers_room_b
D:3:      layout_basic, hellmonk_ecumenical_altar_watching_god
D:4:      layout_layer_cave, uniq_grinder
D:5:      layout_basic, mainiacjoe_overflow_six_doors_small,
          minmay_temple_entry_poolview
D:6:      layout_rooms
D:7:      layout_rooms, serial_shops, shop_fountains, uniq_maggie
D:8:      layout_loops_cross, grunt_qazlal_sundering, uniq_grum,
          uniq_prince_ribbit1, uniq_maurice
D:9:      layout_stronghold
D:10:     layout_roguey, mainiacjoe_overflow_small_starburst, serial_bayou,
          serial_bayou_ford_a, serial_bayou_pond_d, serial_bayou_crossing,
          serial_bayou_pond_a, serial_bayou_pond_d, serial_bayou_pond_c
D:11:     layout_rooms, lair_entry_dummy, orc_0_dummy, gammafunk_ghost_ooze,
          hangedman_abyss_or_decor_clamps, chequers_garden
D:12:     layout_cave_pools, serial_shops, nicolae_inconvenience_store
D:13:     layout_roguey, serial_bayou, serial_bayou_pond_d,
          serial_bayou_shore_a, serial_bayou_pond_d, serial_bayou_lagoon_a
D:14:     layout_loops_corners, david_vaults_4, good_gods_mini_temple
D:15:     hangedman_depths_entry_try_elsewhere_first, layout_irregular_city,
          roderic_serpentine_path
Lair:1:   layout_small_grid, infiniplex_staircase_pool_2
Lair:2:   layout_cellular_growth, minmay_shoals_entry_beasts,
          hellmonk_spider_entry_life_and_decay, maelrawn_ghost_gauntlet_escape,
          serial_bayou_shore_b
Lair:3:   layout_cave_pods, minivault_24, pond
Lair:4:   layout_cave_pods, minivault_23
Lair:5:   evil_forest, layout_cave_pods, dpeg_slime_entry_enclosed,
          grunt_megastairs_1, uniq_josephine, uniq_nessos
Shoals:1: layout_shoals, uniq_frances
Shoals:2: layout_shoals, uniq_polyphemus
Spider:1: layout_spider_delve
Spider:2: layout_chambers, uniq_arachne
Orc:1:    layout_caves
Orc:2:    st_orc_rangers, layout_caves, basic_altar, serial_shops,
          nicolae_square_shop, hangedman_minor_magic

Skill      XL: |  1  2  3  4  5  6  7  8  9 10 11 12 13 14 15 |
---------------+----------------------------------------------+-----
Long Blades    | 2 3 4 5 6 8 9 12 13 14 | 14.1
Armour         | 1 2 3 8 9 |  9.0
Dodging        | 2 3 8 9 |  9.0
Fighting       | 2 3 4 6 8 9 10 11 | 11.0
Stealth        | 1 2 |  2.0
Throwing       | 1 2 |  2.0
Spellcasting   | 2 3 4 5 6 10 | 10.0
Translocations | 3 4 5 6 9 10 | 10.0
Short Blades   | 1 |  1.0
Ice Magic      | 3 4 5 6 |  6.0
Air Magic      | 5 |  5.0

Action                   |  1- 3 |  4- 6 |  7- 9 | 10-12 | 13-15 || total
-------------------------+-------+-------+-------+-------+-------++-------
Melee: Falchion          |    25 |       |       |       |       ||    25
       Dagger            |   136 |   176 |   263 |     4 |   127 ||   706
       Punch             |     1 |     4 |     5 |    27 |    17 ||    54
       Scimitar          |       |       |   178 |  1092 |  2111 ||  3381
       Long sword        |       |       |     1 |       |       ||     1
Throw: Stone             |     9 |     1 |    17 |    10 |       ||    37
       Javelin           |       |     9 |    12 |     2 |    22 ||    45
       Boomerang         |       |       |       |    13 |       ||    13
       Dart              |       |       |       |     3 |    29 ||    32
 Cast: Blink             |       |     3 |     6 |     3 |    15 ||    27
       Ozocubu's Armour  |       |       |    14 |    71 |   101 ||   186
       Lesser Beckoning  |       |       |       |     1 |    19 ||    20
       Manifold Assault  |       |       |       |    77 |   453 ||   530
       Vhi's Electric Ch |       |       |       |       |    11 ||    11
       Momentum Strike   |       |       |       |       |     3 ||     3
Evoke: Wand              |       |       |       |    10 |     5 ||    15
  Use: Scroll            |     4 |     5 |    11 |     5 |     7 ||    32
       Potion            |       |       |     6 |     4 |     6 ||    16
 Stab: Sleeping          |     4 |     2 |     1 |     1 |     4 ||    12
Armor: Leather armour    |    36 |       |       |       |       ||    36
       Ring mail         |     1 |    59 |    59 |       |       ||   119
       Skin              |       |       |    34 |       |     6 ||    40
       Acid dragon scale |       |       |   178 |   423 |       ||   601
       Swamp dragon scal |       |       |       |    68 |   845 ||   913
Dodge: Dodged            |   101 |    78 |   242 |   484 |   918 ||  1823
Block: Other             |       |     8 |   101 |   180 |   301 ||   590
       Reflection        |       |       |     4 |     2 |    39 ||    45
       Orb               |       |       |       |       |    55 ||    55

Table legend: (Time is in decaauts)
 A = Elapsed time spent in this place.
 B = Non-inter-level travel time spent in this place.
 C = Inter-level travel time spent in this place.
 D = Time resting spent in this place.
 E = Time spent auto-exploring this place.
 F = Levels seen in this place.
 G = Mean time per level.
                   A        B        C        D        E       F      G
               +--------+--------+--------+--------+--------+-----+--------+
         Total |  45346 |  43151 |   2195 |  16786 |  16634 |  26 | 1744.1 |
       Dungeon |  23343 |  22382 |    961 |   7486 |   9882 |  15 | 1556.2 |
          Lair |  13245 |  12473 |    772 |   5305 |   4113 |   5 | 2649.0 |
        Shoals |   2277 |   2092 |    185 |   1068 |    482 |   2 | 1138.5 |
   Spider Nest |   2430 |   2380 |     50 |   1221 |    632 |   2 | 1215.0 |
  Orcish Mines |   4050 |   3825 |    225 |   1704 |   1524 |   2 | 2025.0 |
               +--------+--------+--------+--------+--------+-----+--------+

Top non-repeatable levels by time:
  Lair:5: 3829 daAuts
  Lair:3: 2844 daAuts
  Lair:2: 2704 daAuts
  Lair:4: 2683 daAuts
    D:14: 2678 daAuts
Spider:1: 2313 daAuts
   Orc:1: 2284 daAuts
Shoals:1: 2252 daAuts
    D:13: 2013 daAuts
     D:7: 1917 daAuts
     D:4: 1870 daAuts
   Orc:2: 1766 daAuts
     D:1: 1660 daAuts
    D:11: 1517 daAuts
     D:5: 1481 daAuts
